 Dungeon Crawl Stone Soup version 0.25.1-2-g60ff931df9 (webtiles) character file.

Game seed: 14592003664985466954

325 tempo the Magician (level 6, 0/34 HPs)
             Began as a Deep Elf Wizard on Oct 2, 2020.
             Slain by an iguana (8 damage)
             ... on level 5 of the Dungeon.
             The game lasted 00:06:19 (3580 turns).

tempo the Magician (Deep Elf Wizard)                Turns: 3580, Time: 00:06:19

Health: 0/34       AC:  3    Str:  4    XL:     6   Next: 24%
Magic:  4/17       EV: 11    Int: 25    God:
Gold:   225        SH:  0    Dex: 13    Spells: 7/18 levels left

rFire    + . .     SeeInvis .   m - +1 spear (flame)
rCold    x . .     Gourm    .   (no shield)
rNeg     . . .     Faith    .   e - +0 leather armour
rPois    .         Spirit   .   b - +0 hat
rElec    .         Reflect  .   (no cloak)
rCorr    .         Harm     .   (no gloves)
MR       .....                  (no boots)
Stlth    ++........             (no amulet)
HPRegen  0.11/turn              g - ring of fire
MPRegen  0.15/turn              o - ring of flight

@: very slightly contaminated
A: no striking features
a: Evoke Flight


You were on level 5 of the Dungeon.
You were not hungry.

You visited 1 branch of the dungeon, and saw 5 of its levels.

You collected 225 gold pieces.

Inventory:

Hand Weapons
 m - a +1 spear of flaming (weapon)
Missiles
 q - 8 curare-tipped darts (quivered)
 u - 14 bolts
Armour
 b - a +0 hat (worn)
 e - a +0 leather armour (worn)
Jewellery
 g - a ring of fire (left hand)
 k - an uncursed ring of resist corrosion
 n - an uncursed ring of ice
 o - a ring of flight (right hand)
Scrolls
 c - 2 scrolls of identify {unknown}
 f - a scroll of amnesia {unknown}
 i - 4 scrolls of enchant armour {unknown}
 l - 3 scrolls of teleportation {unknown}
 t - a scroll of fog {unknown}
 v - a scroll of remove curse {unknown}
Potions
 a - 3 potions of curing
 h - a potion of berserk rage {unknown}
 j - 3 potions of brilliance {unknown}
 p - a potion of invisibility {unknown}
 r - a potion of mutation {unknown}
 s - a potion of flight {unknown}
Comestibles
 d - 6 rations
 w - a chunk of flesh


   Skills:
 - Level 1.0 Fighting
 - Level 1.0 Armour
 - Level 2.4 Dodging
 - Level 2.4 Stealth
 * Level 6.7 Spellcasting
 * Level 3.7 Conjurations
 - Level 1.1 Summonings
 - Level 1.1 Translocations
 + Level 1.9 Fire Magic
 + Level 1.8 Evocations


You had 7 spell levels left.
You knew the following spells:

 Your Spells              Type           Power        Failure   Level  Hunger
a - Magic Dart            Conj           ####         2%          1    None
b - Mephitic Cloud        Conj/Pois/Air  ##......     22%         3    None
c - Call Imp              Summ           ##......     12%         2    None
d - Blink                 Tloc           N/A          12%         2    None
e - Conjure Flame         Conj/Fire      ####....     11%         3    None

Your spell library contained the following spells:

 Spells                   Type           Power        Failure   Level  Hunger
 Beastly Appendage        Tmut           #.....       12%         1    None
 Slow                     Hex            #.......     19%         2    None
 Sticks to Snakes         Tmut           #.......     19%         2    None
 Spider Form              Tmut/Pois      #.........   34%         3    None
 Ice Form                 Ice/Tmut       #.......     75%         4    ###....
 Blade Hands              Tmut           #.........   97%         5    #####..


Dungeon Overview and Level Annotations

Branches:
Dungeon (4/15)
 Temple: D:4-7

Altars:


Message History

You swap places.
The orc hits your white imp but does no damage.
Your white imp gestures at the orc.
The puff of frost hits the orc.
The orc misses your white imp.
Your white imp barely misses the orc.
Your white imp hits something.
Your white imp freezes something.
Your white imp closely misses something.
A puff of flame appears from out of thin air!
The puff of flame hits your white imp!
Your white imp is burned terribly!
Your white imp dies!
An iguana comes into view.
The iguana hisses angrily.
The iguana bites you.
A magic dart appears from out of thin air!
The magic dart hits you.
* * * LOW HITPOINT WARNING * * *
The iguana hisses menacingly.
The iguana bites you!
You die...

#. #. ##.## ...#
##..# ...# #.
#.##### #.#
#.l@..# #.#
#.###.# #.# #.#
# ###.### #.#
#.....# #.#
#.#.#.###.#
######.........#
{.{....#.#.###.#
######.........#


You could see an iguana.

Vanquished Creatures
  Sigmund (D:3)
  An orc priest (D:5)
  7 adders
  An ooze (D:3)
  A worm (D:4)
  3 dart slugs
  2 orcs
  2 ball pythons
  3 giant cockroaches
  6 goblins
  10 hobgoblins
  A quokka (D:3)
  14 bats
  10 frilled lizards
  8 kobolds
  8 rats
78 creatures vanquished.

Notes
Turn   | Place    | Note
-------+----------+-------------------------------------------
     0 | D:1      | tempo the Deep Elf Wizard began the quest for the Orb.
     0 | D:1      | Reached XP level 1. HP: 10/10 MP: 7/7
   312 | D:1      | Reached XP level 2. HP: 15/15 MP: 5/9
   712 | D:1      | Reached skill level 5 in Spellcasting
  1016 | D:1      | Reached XP level 3. HP: 20/20 MP: 8/11
  1021 | D:1      | Learned a level 3 spell: Mephitic Cloud
  1024 | D:1      | Learned a level 2 spell: Call Imp
  1027 | D:1      | Learned a level 2 spell: Blink
  1031 | D:1      | Learned a level 3 spell: Conjure Flame
  1532 | D:2      | Reached skill level 1 in Fighting
  1532 | D:2      | Reached skill level 1 in Armour
  1955 | D:2      | Reached XP level 4. HP: 25/25 MP: 11/13
  2417 | D:3      | Noticed Sigmund
  2445 | D:3      | Killed Sigmund
  2445 | D:3      | Reached skill level 6 in Spellcasting
  2445 | D:3      | Reached skill level 1 in Fire Magic
  2445 | D:3      | Reached skill level 1 in Evocations
  2445 | D:3      | Reached XP level 5. HP: 16/29 MP: 2/16
  2843 | D:3      | Reached XP level 6. HP: 34/34 MP: 11/17
  3506 | D:4      | You fall into a shaft and drop 1 floor!
  3506 | D:5      | Entered Level 5 of the Dungeon
  3580 | D:5      | Slain by an iguana

Illustrated notes

Levels and vault maps discovered:
D:1:      ncdulo_lavacross, layout_loops_ring, fountainhead, minmay_tall_x
D:2:      layout_rooms, first_ration, kennysheep_generic_room_6
D:3:      layout_loops_corners, uniq_sigmund
D:4:      layout_basic, minmay_temple_entry_large_hall, minivault_11
D:5:      layout_loops_ring, uniq_edmund

Skill      XL: |  1  2  3  4 |
---------------+-------------+-----
Spellcasting   | 5 6 |  6.7
Fighting       | 1 |  1.0
Armour         | 1 |  1.0
Conjurations   | 2 3 |  3.7
Fire Magic     | 1 |  1.9
Evocations     | 1 |  1.8
Dodging        | |  2.4
Stealth        | |  2.4
Summonings     | |  1.1
Translocations | |  1.1

Action                   |  1- 3 |  4- 6 || total
-------------------------+-------+-------++-------
Melee: Unarmed           |     2 |       ||     2
       Spear             |     3 |    22 ||    25
 Cast: Magic Dart        |   111 |    64 ||   175
       Mephitic Cloud    |       |     5 ||     5
       Conjure Flame     |       |     1 ||     1
       Call Imp          |       |     1 ||     1
  Use: Potion            |       |     1 ||     1
 Stab: Confused          |       |     5 ||     5
  Eat: Chunk             |     3 |     5 ||     8
Armor: Robe              |     3 |       ||     3
       Leather armour    |    11 |     9 ||    20
Dodge: Dodged            |    22 |    23 ||    45
